 Dungeon Crawl Stone Soup version 0.19-a0-1107-gc676ff4 (webtiles) character file.

7681 4thArraOfDagon the Grappler (level 11, -1/100 (101) HPs)
             Began as a Troll Arcane Marksman on Aug 9, 2016.
             Was a Believer of Ashenzari.
             Slain by a hog (5 damage)
             ... led by Kirke
             ... on level 12 of the Dungeon.
             The game lasted 00:19:57 (3955 turns).

4thArraOfDagon the Grappler (Troll Arcane Marksman) Turns: 3955, Time: 00:19:58

HP:   -1/100 (101)  AC:  8    Str: 25    XL:     11   Next: 0%
MP:   13/13         EV:  6    Int: 12    God:    Ashenzari [**....]
Gold: 372           SH:  0    Dex:  9    Spells: 2 memorised, 10 levels left

rFire  . . .     SeeInvis .       - Unarmed
rCold  . . .     Gourm    +     a - +0 robe
rNeg   . . .     Faith    .     (no shield)
rPois  +         Spirit   .     (helmet restricted)
rElec  .         Dismiss  .     E - +2 cloak {+Inv} (curse)
rCorr  .         Reflect  .     (gloves unavailable)
SustAt .         Harm     .     (boots unavailable)
MR     .....                    j - amulet of rage (curse)
Stlth  +.........               C - +4 ring of strength
                                I - ring of poison resistance (curse)

@:
A: unfitting armour, claws 3, fast metabolism 3, gourmand, regeneration 2,
shaggy fur 1, tough skin 2, sturdy frame 1
a: Curse Item, Scrying, Renounce Religion, Evoke Berserk Rage, Evoke
Invisibility


You were on level 12 of the Dungeon.
You worshipped Ashenzari.
Ashenzari was pleased with you.
You were full.

You visited 2 branches of the dungeon, and saw 13 of its levels.
You also visited: Ossuary.

You collected 501 gold pieces.
You spent 129 gold pieces at shops.

Inventory:

Missiles
 c - 4 large rocks (quivered)
 d - 2 throwing nets
 o - 6 javelins
Armour
 a - a +0 robe (worn)
 E - a cursed +2 cloak of invisibility (worn)
Jewellery
 h - an uncursed amulet of magic regeneration
 j - a cursed amulet of rage (around neck)
 t - an uncursed ring of wizardry
 C - a +4 ring of strength (right claw)
 I - a cursed ring of poison resistance (left claw)
Wands
 p - a wand of acid (6/15)
 y - a wand of confusion (12/48)
 D - a wand of disintegration (22/24)
 F - a wand of lightning (6/15)
Scrolls
 g - a scroll of recharging {unknown}
 i - 3 scrolls of magic mapping
 m - a scroll of teleportation {unknown}
 n - 5 scrolls of remove curse
 s - a scroll of blinking {unknown}
 u - a scroll of acquirement {unknown}
 x - a scroll of fear {unknown}
 H - 2 scrolls of amnesia {unknown}
 K - a scroll of random uselessness {unknown}
Potions
 e - 2 potions of degeneration
 l - a potion of agility {unknown}
 q - 3 potions of heal wounds {unknown}
 r - 4 potions of curing
 v - 2 potions of might
 w - a potion of berserk rage
 z - a potion of resistance
 A - 3 potions of brilliance
 J - a potion of flight
Books
 b - a book of Debilitation

   Spells                             Type                      Level
   a - Corona                         Hexes                        1
   b - Slow                           Hexes                        2
   c - Gell's Gravitas                Hexes/Translocation          3
   d - Inner Flame                    Hexes/Fire                   3
   e - Cause Fear                     Hexes                        4
   f - Leda's Liquefaction            Hexes/Earth                  4
Comestibles
 f - 7 bread rations
 k - 5 meat rations
 B - 2 royal jellies


   Skills:
 + Level 4.8 Fighting
 - Level 1.7 Throwing
 + Level 5.1 Dodging
 * Level 13.0 Unarmed Combat
 - Level 1.0 Spellcasting
 - Level 2.0(3.1) Hexes
 - Level 4.4(5.9) Evocations


You had 10 spell levels left.
You knew the following spells:

 Your Spells              Type           Power        Failure   Level  Hunger
a - Corona                Hex            #......      12%         1    ##.....
b - Apportation           Tloc           #.........   34%         1    ##.....


Dungeon Overview and Level Annotations

Branches:
Dungeon (12/15)            Temple (1/1) D:4            Lair (0/6) D:9
    Orc (0/2) D:10

Altars:
Ashenzari
Cheibriados
Fedhas
Hepliaklqana
Nemelex Xobeh
Pakellas
Qazlal
Ru
Sif Muna
Trog
The Shining One

Shops:
D:6 *

Annotations:
D:12 Kirke


Innate Abilities, Weirdness & Mutations

You are too large for most types of armour.
You have claws for hands.
Your metabolism is lightning-fast.
You like to eat raw meat.
You heal very quickly.
You are covered in fur. (AC +1)
You have very tough skin. (AC +2)
Your movements are slightly less encumbered by armour. (ER -2)


Message History

You hear some strange, mumbled words.
Nothing appears to happen.
The hog bites you!
Something summons some harpies!
The harpy screeches!
The hog completely misses you.
The harpy closely misses you. x2; The hog bites you!
The harpy claws you! The harpy claws you.
The harpy screeches!
The harpy claws you! The harpy barely misses you.
There is a stone staircase leading up here.
The harpy screeches!
The harpy claws you.
* * * LOW HITPOINT WARNING * * *
The harpy claws you but does no damage. The hog bites you!
* * * LOW HITPOINT WARNING * * *
The harpy claws you!
* * * LOW HITPOINT WARNING * * *
The harpy claws you but does no damage. The hog bites you.
You die...

*### , , ..#.# *
* #.#.# , #.#.#
*, * * #.#.# , ,
, *,* #.#.# * *
* #.#.# * * *
#@#.#####.*
*#.####Hh......#
* ,
#........#####.
#######..#
#..#####.##*
#.......... , ,
# * #.########.
* * *, ,.. #..#
, * #.# ##.# *


You could see a harpy and a hog.

Vanquished Creatures
  A centaur warrior (D:10)
  Urug (D:10)
  Pikel (D:7)
  Maurice (D:10)
  A centaur zombie (D:10)
  Joseph (D:7)
  A gargoyle (D:11)
  A hog (D:12)
  A vampire (D:9)
  2 hungry ghosts (D:10)
  A hippogriff (D:10)
  4 orc warriors
  3 ogres
  A black bear (D:6)
  An ice beast (D:5)
  3 necrophages
  2 centaurs
  A crocodile (D:8)
  3 big kobolds
  3 giant frogs
  A wyvern zombie (D:11)
  4 water moccasin zombies (Ossuary)
  A water moccasin skeleton (D:9)
  2 scorpions
  2 troll zombies (D:10)
  14 wights
  A howler monkey (D:7)
  2 crimson imps (D:10)
  4 jellies
  4 hounds
  6 orc priests
  A centaur skeleton (D:9)
  7 orc wizards
  7 worker ants
  2 big kobold zombies (Ossuary)
  6 ogre zombies (D:10)
  A hound zombie (D:10)
  A hound skeleton (D:6)
  3 mummies
  4 adders
  5 shadow imps
  5 adder zombies (Ossuary)
  A worm (D:2)
  A dart slug (D:1)
  A giant gecko (D:4)
  25 orcs
  A ball python (D:2)
  6 bats
  2 giant cockroaches
  A goblin (D:1)
  A hobgoblin (D:3)
  7 jackals
  20 kobolds
  3 quokkas
  A giant gecko skeleton (D:4)
  3 giant newts
  3 gnoll zombies (Ossuary)
  3 goblin skeletons (D:10)
  2 goblin zombies (D:10)
  A hobgoblin skeleton (D:10)
  7 hobgoblin zombies
  7 kobold zombies (Ossuary)
  5 orc skeletons (D:10)
  17 orc zombies
  A quokka skeleton (D:5)
  3 rats
238 creatures vanquished.

Vanquished Creatures (others)
  An ice beast (D:7)
1 creature vanquished.

Grand Total: 239 creatures vanquished

Notes
Turn   | Place    | Note
-------+----------+-------------------------------------------
     0 | D:1      | 4thArraOfDagon the Troll Arcane Marksman began the quest for the Orb.
     0 | D:1      | Reached XP level 1. HP: 18/18 MP: 1/1
    14 | D:1      | Reached skill level 1 in Unarmed Combat
   113 | D:1      | Reached XP level 2. HP: 20/26 MP: 2/2
   258 | D:2      | Found a sacrificial altar of Ru.
   270 | D:2      | Reached skill level 2 in Unarmed Combat
   475 | D:4      | Reached skill level 3 in Unarmed Combat
   475 | D:4      | Reached XP level 3. HP: 21/32 MP: 3/3
   484 | D:4      | Reached skill level 4 in Unarmed Combat
   484 | D:4      | Reached XP level 4. HP: 24/40 MP: 4/4
   549 | D:4      | Found a staircase to the Ecumenical Temple.
   549 | D:4      | Noticed an ogre
   551 | D:4      | Reached XP level 5. HP: 46/46 MP: 5/5
   553 | D:4      | Killed an ogre
   553 | D:4      | Reached skill level 5 in Unarmed Combat
   565 | Temple   | Entered the Ecumenical Temple
   609 | Temple   | Became a worshipper of Ashenzari the Shackled
   828 | D:5      | Entered Level 5 of the Dungeon
   918 | D:5      | Reached XP level 6. HP: 39/54 MP: 6/6
   921 | D:5      | Noticed an ice beast
   923 | D:5      | Killed an ice beast
   923 | D:5      | Reached skill level 6 in Unarmed Combat
   946 | D:5      | Reached skill level 1 in Evocations
   985 | D:5      | Found a sand-covered staircase.
   994 | Ossuary  | Entered an ossuary
  1043 | Ossuary  | Reached XP level 7. HP: 54/60 MP: 7/7
  1089 | Ossuary  | Reached skill level 7 in Unarmed Combat
  1189 | D:5      | Gained mutation: Your body sometimes deteriorates upon taking damage. [potion of mutation]
  1189 | D:5      | Gained mutation: You are occasionally teleported next to monsters. [potion of mutation]
  1189 | D:5      | Gained mutation: Your movements are slightly less encumbered by armour. (ER -2) [potion of mutation]
  1191 | D:5      | RIP
  1337 | D:6      | Found Quigauno's Assorted Antiques.
  1346 | D:6      | Reached * piety under Ashenzari
  1352 | D:6      | Bought a potion of might for 88 gold pieces
  1352 | D:6      | Bought a scroll labeled ONAYMAS URAOLEU for 22 gold pieces
  1352 | D:6      | Bought a purple potion for 19 gold pieces
  1352 | D:6      | zkyp: GONG
  1352 | D:6      | zkyp: BANG
  1356 | D:6      | zkyp: DUNG
  1365 | D:6      | 4thArraOfDagon: PTOANG!!
  1439 | D:6      | Reached skill level 8 in Unarmed Combat
  1520 | D:7      | Reached XP level 8. HP: 67/67 MP: 9/9
  1657 | D:6      | Reached skill level 9 in Unarmed Combat
  1836 | D:7      | Noticed Pikel
  1848 | D:7      | Killed Pikel
  1848 | D:7      | Reached skill level 10 in Unarmed Combat
  1848 | D:7      | Reached XP level 9. HP: 46/74 MP: 9/11
  2009 | D:7      | Noticed Joseph
  2028 | D:7      | Killed Joseph
  2147 | D:8      | Reached skill level 1 in Fighting
  2204 | D:8      | Reached skill level 11 in Unarmed Combat
  2517 | D:9      | Reached ** piety under Ashenzari
  2548 | D:9      | Found a glowing golden altar of the Shining One.
  2661 | D:10     | Entered Level 10 of the Dungeon
  2720 | D:9      | Found a staircase to the Lair.
  2845 | D:10     | Learned a level 1 spell: Apportation
  2893 | D:10     | Reached XP level 10. HP: 84/90 MP: 12/12
  2965 | D:10     | Noticed Maurice
  2995 | D:10     | Killed Maurice
  3046 | D:10     | Reached skill level 12 in Unarmed Combat
  3077 | D:10     | Noticed Urug
  3091 | D:10     | Found a staircase to the Orcish Mines.
  3210 | D:10     | Noticed a centaur warrior
  3225 | D:10     | Killed a centaur warrior
  3284 | D:10     | Killed Urug
  3376 | D:10     | Lost mutation: Your body sometimes deteriorates upon taking damage. [potion of cure mutation]
  3376 | D:10     | Lost mutation: You are occasionally teleported next to monsters. [potion of cure mutation]
  3828 | D:11     | Noticed a gargoyle
  3834 | D:11     | Killed a gargoyle
  3834 | D:11     | Reached skill level 5 in Dodging
  3913 | D:12     | Reached skill level 13 in Unarmed Combat
  3926 | D:12     | Noticed Kirke
  3930 | D:12     | Reached XP level 11. HP: 87/100 MP: 13/13
  3948 | D:12     | Noticed a harpy
  3955 | D:12     | HP: 4/100 [harpy[Kirke] (13)]
  3955 | D:12     | Slain by a hog

Vault maps used:
D:1:      dpeg_arrival_subterranean_lakeside_camping, serial_bayou_ford_a
D:2:      kennysheep_minor_cross, hangedman_ru_absence
D:3:      first_bread
D:4:      minmay_misc_feat_room
D:5:      nicolae_ossuary_entry_giza
D:6:      black_bear_nest_2, serial_shops,
          nicolae_shop_temple_entry_statues_fountains
D:7:      uniq_pikel, uniq_joseph
D:9:      lair_0_dummy, tso_metal_star
D:10:     zombieorc2_lemuel, feat_on_display, uniq_urug, uniq_maurice
D:11:     kennysheep_seaside_town
D:12:     serial_shops, nicolae_shop_overgrown_old_shop, basic_altar,
          special_room, uniq_kirke
Temple:   roderic_octagonal_lattice_temple
Ossuary:  ossuary_tomb_2

Skill      XL: |  1  2  3  4  5  6  7  8  9 10 |
---------------+-------------------------------+-----
Unarmed Combat | 1 3 4 5 6 8 10 11 13 | 13.0
Evocations     | 1 2 4 |  4.4
Fighting       | 3 4 |  4.8
Dodging        | 3 5 |  5.1
Throwing       | |  1.7
Spellcasting   | |  1.0
Hexes          | |  2.0

Action                   |  1- 3 |  4- 6 |  7- 9 | 10-12 || total
-------------------------+-------+-------+-------+-------++-------
Melee: Unarmed           |    74 |    71 |   331 |   189 ||   665
       Punch             |     1 |     2 |    19 |    17 ||    39
Throw: Large rock        |       |     4 |       |       ||     4
Invok: Curse Item        |       |       |     2 |     1 ||     3
 Abil: Evoke Berserk Rag |       |       |     2 |     2 ||     4
       Evoke Invisibilit |       |       |       |     1 ||     1
       Turn Visible      |       |       |       |     1 ||     1
Evoke: Wand              |       |       |     2 |     1 ||     3
  Use: Scroll            |       |     1 |    10 |     2 ||    13
       Potion            |       |       |     1 |     1 ||     2
 Stab: Confused          |       |       |       |     1 ||     1
       Invisible         |       |       |       |     1 ||     1
  Eat: Chunk             |     5 |     9 |    16 |    22 ||    52
       Pizza             |       |       |       |     1 ||     1
       Beef jerky        |       |       |       |     1 ||     1
Armor: Robe              |    30 |    13 |    79 |    56 ||   178
Dodge: Dodged            |    46 |    26 |   139 |   102 ||   313
